 Dungeon Crawl Stone Soup version 0.26-a0-812-g31a745d (webtiles) character file.

Game seed: 317942049801851501

420 MrTaco21 the Cudgeller (level 6, -1/37 HPs)
             Began as a Gargoyle Fighter on Nov 13, 2020.
             Killed by divine providence
             ... invoked by an orc priest
              (12 damage)
             ... on level 3 of the Dungeon.
             The game lasted 00:04:38 (3989 turns).

MrTaco21 the Cudgeller (Gargoyle Fighter)           Turns: 3989, Time: 00:04:39

Health: -1/37      AC: 13    Str: 21    XL:     6   Next: 94%
Magic:  6/6        EV:  5    Int:  9    God:
Gold:   215        SH: 13    Dex:  9    Spells: 5/5 levels left

rFire    . . .     SeeInvis .   a - +0 flail
rCold    . . .     Faith    .   z - +0 tower shield
rNeg     + . .     Spirit   .   b - +0 scale mail
rPois    ∞         Reflect  .   (no helmet)
rElec    +         Harm     .   o - +0 cloak
rCorr    .         Rampage  .   (no gloves)
MR       .....                  x - +0 pair of boots
Stlth    ..........             (no amulet)
HPRegen  0.12/turn              g - ring of attention (curse)
MPRegen  0.10/turn              v - ring of wizardry

@: no status effects
A: negative energy resistance 1, electricity resistance, unbreathing,
petrification resistance, rot immunity, AC +4
a: no special abilities


You were on level 3 of the Dungeon.
You visited 1 branch of the dungeon, and saw 4 of its levels.

You collected 215 gold pieces.

Inventory:

Hand Weapons
 a - a +0 flail (weapon)
Missiles
 k - 12 poisoned darts (quivered)
Armour
 b - a +0 scale mail (worn)
 o - a +0 cloak (worn)
   (You found it on level 2 of the Dungeon)
 x - a +0 pair of boots (worn)
   (You found it on level 3 of the Dungeon)
 z - a +0 tower shield (worn)
   (You found it on level 3 of the Dungeon)
Jewellery
 g - a cursed ring of attention (left hand)
   (You found it on level 1 of the Dungeon)
 v - a ring of wizardry (right hand)
   (You found it on level 2 of the Dungeon)
Scrolls
 c - a scroll of fog {unknown}
 f - a scroll of fear {unknown}
 i - a scroll of amnesia {unknown}
 j - a scroll of immolation {unknown}
 m - 2 scrolls of remove curse {unknown}
 n - 4 scrolls of identify {unknown}
 q - a scroll of teleportation {unknown}
 s - 2 scrolls of enchant armour {unknown}
 t - a scroll of noise {unknown}
 u - a scroll of blinking {unknown}
 w - a scroll of magic mapping {unknown}
 y - a scroll of enchant weapon {unknown}
Potions
 d - a potion of might
 e - 2 potions of attraction {unknown}
 h - a potion of invisibility {unknown}
 l - a potion of lignification {unknown}
 p - a potion of resistance {unknown}
 r - 2 potions of curing {unknown}
 A - a potion of cancellation {unknown}


   Skills:
 - Level 3.2 Fighting
 + Level 7.2 Maces & Flails
 - Level 3.2 Armour
 - Level 3.2 Shields


You had 5 spell levels left.
You didn't know any spells.
Your spell library was empty.

Dungeon Overview and Level Annotations

Branches:
Dungeon (4/15)
 Temple: D:4-7

Altars:
Uskayaw


Innate Abilities, Weirdness & Mutations

You are resistant to torment.
Your stone body is resilient. (AC +4)
You are immune to poison.
You resist negative energy. (rN+)
You are resistant to electric shocks. (rElec)
You can survive without breathing.
You are immune to petrification.
You are immune to rotting.


Message History

a +0 dagger; a +0 robe Done exploring.
Done exploring.
There is a stone staircase leading down here.
You climb downwards.
The orc hits you but does no damage.
There is a stone staircase leading up here.
You closely miss the orc. You block the orc's attack.
You block the gnoll's attack. You block the orc's attack.
You hit the orc. You block the gnoll's attack. You block the orc's attack.
You closely miss the orc. You block the gnoll's attack.
You block the orc's attack.
You closely miss the orc. The gnoll hits you but does no damage.
The orc hits you but does no damage.
You hit the orc but do no damage. You block the gnoll's attack.
The orc barely misses you.
You hit the orc but do no damage. You block the orc's attack.
You block the gnoll's attack.
You hit the orc. The orc hits you with a +0 club. You block the gnoll's attack.
The orc priest shouts!
You hit the orc but do no damage.
You hear a shout!
You block the orc's attack.
The gnoll hits you from afar with a +0 halberd.
You hit the orc. The orc hits you but does no damage.
You block the gnoll's attack.
You hit the orc but do no damage. You block the orc's attack.
The gnoll hits you but does no damage.
You hit the orc.
You kill the orc!
The orc priest mumbles some strange prayers to Beogh against you.
Pain shoots through your body! You block the gnoll's attack.
You sock the gnoll! The gnoll hits you with a +0 halberd!
The orc priest mumbles some strange prayers to Beogh against you.
Beogh smites you!
* * * LOW HITPOINT WARNING * * *
You block the gnoll's attack.
There is a stone staircase leading up here.
You block the gnoll's attack.
The orc priest hits you but does no damage.
You climb upwards.
There is a stone staircase leading down here.
You hit the orc priest. You block the orc priest's attack.
You closely miss the orc priest.
The orc priest invokes the aid of Beogh against you.
You barely resist. You closely miss the orc priest.
The orc priest hits you but does no damage.
The orc priest mumbles some strange prayers to Beogh against you.
Beogh smites you!
You die...

##### ##### #...# #...####
#...# #....... #...#
#...#### #...# #...# #
########..o##########...####
#..........@[...............
####.######[.).#######.#####
#.# #................. #.#
#....###.....##### #.#
#....# #.....##### #.#
#....# #.....##...
#.#############.....##...
#........................
###############...[.#....


You could see an orc priest.

Vanquished Creatures
  A jelly (D:3)
  2 orc priests (D:4)
  A hound (D:3)
  Natasha (D:2)
  3 orc wizards (D:3)
  5 gnolls
  5 adders
  An ooze (D:3)
  2 worms (D:4)
  4 dart slugs
  20 orcs
  2 ball pythons
  5 bats
  6 giant cockroaches
  7 goblins
  7 hobgoblins
  6 jackals
  A quokka (D:3)
  A frilled lizard (D:2)
  10 kobolds
  6 rats
96 creatures vanquished.

Vanquished Creatures (others)
  2 plants (D:2)
2 creatures vanquished.

Grand Total: 98 creatures vanquished

Notes
Turn   | Place    | Note
-------+----------+-------------------------------------------
     0 | D:1      | MrTaco21 the Gargoyle Fighter began the quest for the Orb.
     0 | D:1      | Reached XP level 1. HP: 14/14 MP: 1/1
    41 | D:1      | Reached XP level 2. HP: 12/19 MP: 2/2
   295 | D:1      | Reached skill level 3 in Maces & Flails
   566 | D:1      | Reached XP level 3. HP: 23/23 MP: 3/3
  1018 | D:2      | Found a hide-covered altar of Uskayaw.
  1021 | D:2      | Noticed a +0 dagger
  1021 | D:2      | Noticed a +0 dagger
  1030 | D:2      | Found a faded altar of an unknown god.
  1165 | D:2      | Noticed Natasha
  1170 | D:2      | Killed Natasha
  1170 | D:2      | Reached skill level 4 in Maces & Flails
  1170 | D:2      | Reached XP level 4. HP: 27/28 MP: 4/4
  2273 | D:3      | Reached skill level 5 in Maces & Flails
  2321 | D:3      | Reached XP level 5. HP: 32/32 MP: 5/5
  2659 | D:3      | Reached skill level 6 in Maces & Flails
  2945 | D:3      | Reached XP level 6. HP: 37/37 MP: 6/6
  3663 | D:4      | Reached skill level 7 in Maces & Flails
  3989 | D:3      | Killed from afar by an orc priest

Illustrated notes

Levels and vault maps discovered:
D:1:      dpeg_arrival_orchard, layout_basic
D:2:      layout_basic, dancing_weapons_uskayaw,
          chequers_ecumenical_altar_lobes, serial_corexii_hall,
          corexii_hall_statues_u, corexii_hall_statues_x, uniq_natasha
D:3:      layout_basic
D:4:      layout_rooms

Skill      XL: |  1  2  3  4  5  6 |
---------------+-------------------+-----
Maces & Flails | 3 4 5 6 7 |  7.2
Fighting       | |  3.2
Armour         | |  3.2
Shields        | |  3.2

Action                   |  1- 3 |  4- 6 || total
-------------------------+-------+-------++-------
Melee: Flail             |   107 |   286 ||   393
Armor: Scale mail        |    63 |   160 ||   223
Dodge: Dodged            |    52 |    65 ||   117
Block: Kite shield       |    61 |    61 ||   122
       Tower shield      |       |   163 ||   163

Table legend: (Time is in decaauts)
 A = Elapsed time spent in this place.
 B = Non-inter-level travel time spent in this place.
 C = Inter-level travel time spent in this place.
 D = Time resting spent in this place.
 E = Time spent auto-exploring this place.
 F = Levels seen in this place.
 G = Mean time per level.
                   A        B        C        D        E       F      G
               +--------+--------+--------+--------+--------+-----+--------+
         Total |   4101 |   3880 |    221 |    747 |   2254 |   4 | 1025.2 |
       Dungeon |   4101 |   3880 |    221 |    747 |   2254 |   4 | 1025.2 |
               +--------+--------+--------+--------+--------+-----+--------+

Top non-repeatable levels by time:
     D:3: 1619 daAuts
     D:1: 1123 daAuts
     D:2: 1031 daAuts
     D:4: 327 daAuts
